 Dungeon Crawl Stone Soup version 0.24.1-14-gf8d2b509d9 (webtiles) character file.

Game seed: 1755887526331978786, levelgen mode: deterministic

76226 Lauz the Brawler (level 15, -7/137 HPs)
             Began as a Troll Monk on May 24, 2020.
             Was the Champion of Makhleb.
             Killed from afar by a bog body (21 damage)
             ... with a bolt of cold
             ... on level 1 of the Swamp on May 25, 2020.
             The game lasted 01:10:49 (20227 turns).

Lauz the Brawler (Troll Monk)                      Turns: 20227, Time: 01:10:51

Health: -7/137     AC: 14    Str: 28    XL:     15   Next: 11%
Magic:  14/14      EV: 15    Int:  6    God:    Makhleb [******]
Gold:   1544       SH:  4    Dex: 12    Spells: 14/14 levels left

rFire    . . .     SeeInvis .     - Unarmed
rCold    . . .     Gourm    +   (no shield)
rNeg     . . .     Faith    .   J - +0 steam dragon scales
rPois    +         Spirit   .   w - +2 hat
rElec    .         Reflect  +   M - +0 cloak
rCorr    +         Harm     .   (gloves unavailable)
MR       +....                  (boots unavailable)
Stlth    ++........             N - +4 amulet of reflection
HPRegen  0.72/turn              a - ring of resist corrosion
MPRegen  0.14/turn              n - ring of poison resistance

@: no status effects
A: large, unfitting armour, claws 3, fast metabolism 3, gourmand, regeneration
1, shaggy fur 1, tough skin 3
a: Minor Destruction, Lesser Servant of Makhleb, Major Destruction, Greater
Servant of Makhleb, Renounce Religion


You were on level 1 of the Swamp.
You worshipped Makhleb.
Makhleb was exalted by your worship.
You were not hungry.

You visited 3 branches of the dungeon, and saw 21 of its levels.
You also visited: Sewer and Ice Cave.

You collected 1544 gold pieces.

Inventory:

Hand Weapons
 L - the +4 rapier of Disarray {freeze, -Tele +Fly Int+6 Dex+4}
   (You found it on level 9 of the Dungeon)

   It has been specially enchanted to freeze those struck by it, causing extra
   injury to most foes and up to half again as much damage against particularly
   susceptible opponents.
   It can also slow down cold-blooded creatures.
   It affects your intelligence (+6).
   It affects your dexterity (+4).
   It lets you fly.
   It prevents most forms of teleportation.
Missiles
 W - 6 large rocks (quivered)
Armour
 w - a +2 hat (worn)
 J - +0 steam dragon scales (worn)
 M - a +0 cloak (worn)
 X - a +0 large shield
Jewellery
 a - a ring of resist corrosion (left claw)
 d - a +2 ring of slaying
 n - a ring of poison resistance (right claw)
 B - an uncursed ring of positive energy
 H - an uncursed ring of magical power
 N - a +4 amulet of reflection (around neck)
 O - an uncursed ring of protection from cold
 Q - an uncursed ring of see invisible
 T - an uncursed amulet of rage
 Y - an uncursed ring of ice
 Z - a +2 ring of protection
Wands
 m - a wand of clouds (1)
 o - a wand of digging (9)
 q - a wand of polymorph (17)
 v - a wand of iceblast (5)
 C - a wand of random effects (18)
 G - a wand of enslavement (6)
 S - a wand of disintegration (19)
Scrolls
 c - 3 scrolls of enchant armour
 e - 14 scrolls of identify
 g - a scroll of blinking {unknown}
 i - 7 scrolls of enchant weapon
 l - 4 scrolls of magic mapping {unknown}
 t - 5 scrolls of fog
 x - a scroll of amnesia
 y - 2 scrolls of random uselessness {unknown}
 D - a scroll of brand weapon {unknown}
 F - 2 scrolls of immolation
 U - 2 scrolls of remove curse
Potions
 f - 8 potions of heal wounds {unknown}
 h - 3 potions of invisibility
 k - 4 potions of curing
 p - 6 potions of flight {unknown}
 r - a potion of mutation {unknown}
 s - 3 potions of lignification {unknown}
 u - a potion of agility {unknown}
 z - a potion of resistance {unknown}
 E - a potion of berserk rage {unknown}
 I - 3 potions of degeneration {unknown}
 K - 3 potions of might {unknown}
 P - a potion of haste {unknown}
 R - a potion of magic {unknown}
Comestibles
 b - 36 rations


   Skills:
 + Level 6.4 Fighting
 + Level 1.8 Throwing
 * Level 7.6 Armour
 + Level 10.0 Dodging
 - Level 1.0 Stealth
 + Level 1.5 Shields
 * Level 20.1 Unarmed Combat
 + Level 0.3 Invocations


You had 14 spell levels left.
You didn't know any spells.
Your spell library contained the following spells:

 Spells                   Type           Power        Failure   Level  Hunger
 Apportation              Tloc           #.....       45%         1    ##.....
 Corona                   Hex            #......      45%         1    ##.....
 Flame Tongue             Conj/Fire      #....        45%         1    ##.....
 Magic Dart               Conj           #...         45%         1    ##.....
 Sandblast                Erth           #.....       45%         1    ##.....
 Summon Butterflies       Summ           #.......     45%         1    ##.....
 Blink                    Tloc           N/A          58%         2    ###....
 Call Imp                 Summ           #.......     58%         2    ###....
 Ensorcelled Hibernation  Hex/Ice        #.....       58%         2    ###....
 Passwall                 Tmut/Erth      #.......     58%         2    ###....
 Searing Ray              Conj           #.....       58%         2    ###....
 Slow                     Hex            #.......     58%         2    ###....
 Throw Flame              Conj/Fire      #.....       58%         2    ###....
 Confuse                  Hex            #.......     83%         3    ####...
 Conjure Flame            Conj/Fire      #.......     83%         3    ####...
 Dazzling Spray           Conj/Hex       #.....       83%         3    ####...
 Ignite Poison            Fire/Tmut/Pois #.......     83%         3    ####...
 Inner Flame              Hex/Fire       #.......     83%         3    ####...
 Lesser Beckoning         Tloc           #.........   83%         3    ####...
 Mephitic Cloud           Conj/Pois/Air  #.......     83%         3    ####...
 Recall                   Summ/Tloc      N/A          83%         3    ####...
 Stone Arrow              Conj/Erth      #.....       83%         3    ####...
 Tukima's Dance           Hex            #.......     83%         3    ####...
 Animate Dead             Necr           N/A          99%         4    #####..
 Cause Fear               Hex            #.........   99%         4    #####..
 Force Lance              Conj/Tloc      #.......     99%         4    #####..
 Fulminant Prism          Conj/Hex       #.........   99%         4    #####..
 Iskenderun's Mystic Bla  Conj           #.......     99%         4    #####..
 Petrify                  Tmut/Erth      #.......     99%         4    #####..
 Sticky Flame             Conj/Fire      #.......     99%         4    #####..
 Alistair's Intoxication  Tmut/Pois      #.......     100%        5    ######.
 Borgnjor's Vile Clutch   Necr/Erth      #.........   100%        5    ######.
 Fireball                 Conj/Fire      #.........   100%        5    ######.
 Lee's Rapid Deconstruct  Erth           #.........   100%        5    ######.
 Silence                  Hex/Air        #.........   100%        5    ######.
 Yara's Violent Unravell  Hex/Tmut       #.........   100%        5    ######.
 Bolt of Fire             Conj/Fire      #.........   100%        6    #######
 Death Channel            Necr           #.........   100%        6    #######
 Deflect Missiles         Chrm/Air       #.........   100%        6    #######
 Invisibility             Hex            #.......     100%        6    #######
 Simulacrum               Ice/Necr       #.........   100%        6    #######
 Ring of Flames           Chrm/Fire      #.........   100%        7    #######
 Discord                  Hex            #.........   100%        8    #######
 Ignition                 Fire           #.........   100%        8    #######


Dungeon Overview and Level Annotations

Branches:
Dungeon (14/15)            Temple (0/1) D:4            Lair (6/6) D:9
  Swamp (1/4) Lair:2        Snake (0/4) Lair:4        Slime (0/5) Lair:5
    Orc (0/2) D:11          Sewer (visited)           IceCv (visited)
 Vaults: D:13-14

Altars:
Ashenzari
Dithmenos
Elyvilon
Fedhas
Gozag
Kikubaaqudgha
Makhleb
Okawaru
Vehumet
Yredelemnul
The Shining One

Portals:
Hell: Lair:6

Annotations:
D:7 2 transporters, Ascillia's ghost, novice MiFi; Grum
Lair:3 1 runed translucent door


Innate Abilities, Weirdness & Mutations

You are too large for most types of armour.
You have claws for hands.
Your metabolism is lightning-fast.
You like to eat raw meat.
Your natural rate of healing is unusually fast.
You are covered in fur. (AC +1)
You have extremely tough skin. (AC +3)


Message History

Okay, then.
You feel better. The vampire mosquito bites you.
* * * LOW HITPOINT WARNING * * *
The vampire mosquito draws strength from your injuries!
The alligator bites you but does no damage.
The alligator tail-slaps you.
* * * LOW HITPOINT WARNING * * *
The spriggan rider barely misses you. You block the spriggan rider's attack.
The vampire mosquito closely misses you.
The alligator bites you but does no damage.
The alligator misses you.
Your swamp drake barely misses the vampire mosquito.
You feel better.
Your surroundings suddenly seem different.
The spriggan rider throws a curare-tipped dart.
The curare-tipped dart hits you.
A bog body comes into view.
The bog body points at you and mumbles some strange words.
The bolt of cold hits you!!
You die...

♣≈..≈♣♣
♣≈.≈≈≈.♣
♣t≈yk♣
≈...≈≈≈..
♣♣ii≈♣♣
≈≈≈..≈≈./
♣(≈f≈♣
≈≈......≈
♣♣♣.≈≈≈.≈.
≈≈≈.≈...w
♣♣..≈≈.....≈
n≈≈..≈≈..
♣♣..≈≈.♣♣♣≈.♣
≈≈≈.≈..
♣§≈≈≈≈≈♣♣♣♣♣♣
♣.≈≈≈≈≈@.≈.♣
♣..≈≈≈≈○.≈≈.≈♣
♣♣≈.≈≈○.≈.≈§≈♣
♣♣.≈≈○≈..≈♣♣♣
♣♣.○≈≈≈≈.♣
≈.n≈≈≈≈.♣
.≈.......≈
♣♣..≈≈≈.....


You could see an alligator, 2 spriggan riders, a bog body and a friendly
shambling mangrove.

Vanquished Creatures
  Gastronok (Lair:3)
  Erolcha (D:10)
  Harold (D:10)
  Fannar (Lair:3)
  6 hydras
  A catoblepas (Lair:6)
  2 centaur warriors
  4 death yaks (Lair:5)
  A two-headed ogre (D:10)
  Sonja (D:10)
  A sun demon (Lair:6)
  2 unseen horrors (D:10)
  2 swamp dragons
  A wizard (Lair:6)
  A lindwurm (Lair:6)
  A necromancer (IceCv)
  9 ugly things
  An orb spider (shapeshifter) (D:10)
  An oklob plant (Lair:4)
  2 manticores
  2 cyclopes (D:14)
  3 centaur zombies
  8 elephants
  3 black mambas
  4 ice statues (IceCv)
  Maurice (D:10)
  A torpor snail (Lair:6)
  A smoke demon (Lair:6)
  Psyche (D:9)
  13 spiny frogs
  4 orange demons (Lair:6)
  10 rime drakes
  An efreet (D:13)
  A kobold demonologist (D:14)
  A rime drake (shapeshifter) (D:13)
  11 komodo dragons
  6 ice devils
  A red devil (Lair:6)
  2 hornets
  5 polar bears
  4 trolls
  Grinder (D:3)
  Prince Ribbit (D:7)
  10 blink frogs
  A tyrant leech (Swamp:1)
  A bog body (Swamp:1)
  3 slime creatures (D:13)
  7 hippogriffs
  A shadow (D:12)
  8 spriggans
  A hog (shapeshifter) (D:14)
  A human (D:13)
  57 yaks
  3 basilisks
  3 hogs (D:13)
  6 vampire mosquitoes (Swamp:1)
  3 hungry ghosts
  A steam dragon (D:9)
  2 swamp worms (Swamp:1)
  2 nagas (Lair:4)
  20 water moccasins
  3 hell hounds (Lair:6)
  10 porcupines
  4 sky beasts
  Purgy (Sewer)
  12 orc warriors
  A swamp drake (Swamp:1)
  2 black bears (D:11)
  2 ice beasts
  3 phantoms (D:11)
  8 centaurs
  6 ogres
  2 necrophages
  7 wolves (Lair:6)
  8 crocodiles
  2 big kobolds (D:7)
  13 bullfrogs
  6 scorpions
  A troll zombie (D:11)
  9 wights
  20 killer bees
  6 howler monkeys
  8 electric eels
  8 crimson imps
  3 quasits
  A bullfrog zombie (D:12)
  4 draconian simulacra (IceCv)
  11 hounds
  5 jellies
  19 orc wizards
  3 centaur skeletons
  12 orc priests
  Natasha (thrice) (D:4)
  5 iguanas
  12 worker ants
  A statue (D:5)
  7 ogre zombies (D:11)
  3 centaur simulacra (IceCv)
  A hound zombie (D:11)
  2 hound skeletons
  2 worker ant zombies
  A howler monkey zombie (D:8)
  7 gnolls
  An ogre simulacrum (IceCv)
  16 adders
  2 naga simulacra (IceCv)
  6 shadow imps
  4 oozes
  An adder skeleton (D:9)
  5 leopard geckos
  72 orcs
  A ball python (Sewer)
  9 giant cockroaches
  8 goblins
  5 hobgoblins
  15 jackals
  20 kobolds
  4 quokkas
  6 bats
  9 frilled lizards
  2 goblin skeletons (D:11)
  A goblin zombie (D:11)
  4 hobgoblin skeletons (D:11)
  A leopard gecko skeleton (D:7)
  2 orc skeletons (D:11)
  16 orc zombies (D:11)
  A quokka skeleton (D:9)
  A quokka zombie (D:7)
  9 rats
  A plant (D:7)
  A toadstool (D:1)
722 creatures vanquished.

Vanquished Creatures (others)
  2 orcs (D:7)
  A bush (D:14)
  11 fungi
  24 plants
  3 toadstools (D:1)
41 creatures vanquished.

Grand Total: 763 creatures vanquished

Notes
Turn   | Place    | Note
-------+----------+-------------------------------------------
     0 | D:1      | Lauz the Troll Monk began the quest for the Orb.
     0 | D:1      | Reached XP level 1. HP: 22/22 MP: 0/0
   155 | D:1      | Reached XP level 2. HP: 24/29 MP: 1/1
   420 | D:1      | Reached XP level 3. HP: 36/36 MP: 2/2
   819 | D:2      | Found a blossoming altar of Fedhas.
   851 | D:2      | Found a burning altar of Makhleb.
   851 | D:2      | Found an ancient bone altar of Kikubaaqudgha.
   912 | D:2      | Became a worshipper of Makhleb the Destroyer
   912 | D:2      | Reached * piety under Makhleb
   912 | D:2      | Reached ** piety under Makhleb
  1417 | D:3      | Noticed Grinder
  1430 | D:3      | Reached skill level 4 in Unarmed Combat
  1430 | D:3      | Reached XP level 4. HP: 42/44 MP: 3/3
  1443 | D:3      | Paralysed by Grinder for 4 turns
  1453 | D:3      | Killed Grinder
  1453 | D:3      | Reached skill level 5 in Unarmed Combat
  1453 | D:3      | Reached XP level 5. HP: 22/53 MP: 4/4
  1518 | D:3      | Reached XP level 6. HP: 61/61 MP: 5/5
  1638 | D:3      | You fall into a shaft and drop 2 floors!
  1638 | D:5      | Entered Level 5 of the Dungeon
  1779 | D:4      | Found a staircase to the Ecumenical Temple.
  1802 | D:4      | Reached skill level 6 in Unarmed Combat
  1855 | D:4      | Noticed Natasha
  1865 | D:4      | Killed Natasha
  1875 | D:4      | Reached XP level 7. HP: 42/67 MP: 6/6
  1910 | D:4      | Reached *** piety under Makhleb
  1938 | D:4      | Reached skill level 7 in Unarmed Combat
  1951 | D:4      | Noticed Natasha
  2075 | D:4      | Killed Natasha
  2196 | D:4      | Noticed Natasha
  2212 | D:4      | Killed Natasha
  2284 | D:4      | Found a glowing drain.
  2309 | Sewer    | Entered a sewer
  2365 | Sewer    | Noticed Purgy
  2370 | Sewer    | Killed Purgy
  2497 | D:4      | You fall into a shaft and drop 1 floor!
  2568 | D:5      | Reached XP level 8. HP: 69/78 MP: 7/7
  2574 | D:5      | Reached **** piety under Makhleb
  2576 | D:5      | Reached skill level 8 in Unarmed Combat
  2696 | D:5      | Found a radiant altar of Vehumet.
  3160 | D:6      | Reached skill level 9 in Unarmed Combat
  3436 | D:6      | Reached skill level 5 in Dodging
  3992 | D:7      | Reached skill level 10 in Unarmed Combat
  4003 | D:7      | Reached XP level 9. HP: 81/84 MP: 8/8
  4118 | D:7      | Found a transporter.
  4241 | D:7      | Noticed Grum
  4262 | D:7      | Identified the cursed +1 scale mail of Action {rPois Int+2}
  4385 | D:7      | Identified the amulet "Kylapuc" {Regen+ Dex+3}
  4396 | D:7      | Noticed Ascillia's ghost (novice MiFi)
  4423 | D:7      | Found a transporter.
  4461 | D:7      | Reached ***** piety under Makhleb
  4626 | D:7      | HP: 3/84 [electric eel/bolt of electricity (17)]
  4978 | D:7      | Noticed Prince Ribbit
  4987 | D:7      | Found a white marble altar of Elyvilon.
  4987 | D:7      | Found a glowing golden altar of the Shining One.
  4987 | D:7      | Found an opulent altar of Gozag.
  4988 | D:7      | Killed Prince Ribbit
  4988 | D:7      | Reached skill level 11 in Unarmed Combat
  5742 | D:8      | Found a shattered altar of Ashenzari.
  5743 | D:8      | Found an iron altar of Okawaru.
  5761 | D:8      | Found a shadowy altar of Dithmenos.
  5791 | D:8      | Found an ancient bone altar of Kikubaaqudgha.
  6084 | D:8      | Reached XP level 10. HP: 94/94 MP: 9/9
  6328 | D:9      | Reached skill level 12 in Unarmed Combat
  6396 | D:9      | Found a staircase to the Lair.
  6861 | D:9      | Noticed Psyche
  6868 | D:9      | Killed Psyche
  7005 | D:9      | Reached skill level 1 in Armour
  7176 | D:9      | Got a fine rapier
  7177 | D:9      | Identified the +4 rapier of Disarray {freeze, -Tele +Fly
                  | Int+6 Dex+4} (You found it on level 9 of the Dungeon)
  7421 | D:10     | Entered Level 10 of the Dungeon
  7425 | D:10     | Noticed a two-headed ogre
  7524 | D:10     | Noticed Sonja
  7527 | D:10     | Killed Sonja
  7527 | D:10     | Reached skill level 13 in Unarmed Combat
  7774 | D:10     | Killed an unseen horror
  7842 | D:10     | Noticed Maurice
  7846 | D:10     | Killed Maurice
  7852 | D:10     | Killed an unseen horror
  7852 | D:10     | Reached XP level 11. HP: 101/101 MP: 10/10
  8023 | D:10     | Noticed Harold
  8030 | D:10     | Killed Harold
  8050 | D:10     | Killed a two-headed ogre
  8050 | D:10     | Reached skill level 5 in Fighting
  8162 | D:10     | Reached skill level 14 in Unarmed Combat
  8191 | D:10     | Noticed Erolcha
  8268 | D:10     | Killed Erolcha
  8486 | D:10     | Noticed an orb spider
  8486 | D:10     | a spriggan changed into an orb spider
  8518 | D:10     | Killed an orb spider
  9016 | D:11     | Noticed a brown ugly thing
  9025 | D:11     | Killed a brown ugly thing
  9340 | D:11     | Found a staircase to the Orcish Mines.
  9344 | D:11     | Reached ****** piety under Makhleb
  9360 | D:11     | Reached skill level 15 in Unarmed Combat
  9387 | D:11     | Reached XP level 12. HP: 111/111 MP: 11/11
  9854 | D:12     | Reached skill level 5 in Armour
 10749 | D:13     | You fall into a shaft and drop 1 floor!
 10749 | D:14     | Found a frozen archway.
 10852 | IceCv    | Entered an ice cave
 11400 | IceCv    | HP: 2/111 [ice statue/freezing blast (6)]
 11465 | IceCv    | Reached skill level 16 in Unarmed Combat
 12319 | D:13     | Reached XP level 13. HP: 105/119 MP: 12/12
 12529 | D:13     | Reached skill level 17 in Unarmed Combat
 13579 | Lair:1   | Entered Level 1 of the Lair of Beasts
 14985 | Lair:2   | Found a staircase to the Swamp.
 15281 | Lair:3   | Reached skill level 18 in Unarmed Combat
 15442 | Lair:3   | Noticed Fannar
 15604 | Lair:3   | Found a runed translucent door.
 15657 | Lair:3   | Noticed Gastronok
 15668 | Lair:3   | Killed Gastronok
 15668 | Lair:3   | Reached skill level 1 in Throwing
 16152 | Lair:3   | Killed Fannar
 16445 | Lair:4   | Found a staircase to the Snake Pit.
 16675 | Lair:4   | Reached XP level 14. HP: 99/130 MP: 13/13
 16804 | Lair:4   | Found a basalt altar of Yredelemnul.
 17348 | Lair:5   | Found a staircase to the Slime Pits.
 17665 | Lair:5   | Reached skill level 19 in Unarmed Combat
 18087 | Lair:6   | Entered Level 6 of the Lair of Beasts
 18409 | Lair:6   | Found a burning altar of Makhleb.
 18454 | Lair:6   | Reached skill level 1 in Shields
 18981 | Lair:6   | Reached skill level 10 in Dodging
 19128 | Lair:6   | Reached XP level 15. HP: 137/137 MP: 14/14
 19538 | Lair:6   | Found a gateway to Hell.
 19687 | Lair:6   | Reached skill level 20 in Unarmed Combat
 19823 | Swamp:1  | Entered Level 1 of the Swamp
 20224 | Swamp:1  | HP: 6/137 [spriggan rider/+0 spear (3)]
 20227 | Swamp:1  | Killed from afar by a bog body

Levels and vault maps discovered:
D:1:      ldierk_water_garden, layout_loops_ring, minmay_rat_gold_closets
D:2:      layout_loops_corners, old_standard_altar,
          gammafunk_temple_overflow_statue
D:3:      layout_rooms, minmay_curled_crystal, okawaru_altar_gauntlet_db,
          uniq_grinder
D:4:      minmay_general_purpose_star, layout_basic, temple_pool_b,
          gup_sewer_entry_glass, uniq_natasha
D:5:      layout_gridville, vehumet_statue, first_ration,
          guppyfry_early_lair_pool
D:6:      layout_cave_pools, serial_co_window_serial, co_window_corner_a,
          co_window_corner_a, co_window_corner_a, co_window_cross_1,
          co_window_paths_a, co_window_corner_b, co_window_2corner,
          co_window_2corner, co_window_unsneaky_path_d, co_window_sun,
          co_window_paths_e, glass_columns_a, glass_columns_c, glass_columns_c,
          glass_columns_b, minmay_misc_feat_four_crosses
D:7:      layout_rooms, gammafunk_temple_overflow_claw,
          gammafunk_ghost_gnarly_gnolls, serial_bayou, serial_bayou_lagoon_b,
          serial_bayou_ford_a, serial_park_tiny_2, uniq_prince_ribbit1
D:8:      layout_cave_pools, chequers_temple_overflow_statue_of_worship,
          basic_altar
D:9:      layout_basic, lair_entry_dummy, special_room [special_room_orc],
          uniq_psyche
D:10:     kb_forest_paths, layout_loops_ring, uniq_erolcha, uniq_sonja,
          uniq_maurice, uniq_harold
D:11:     layout_gridville, zombieorc2_lemuel
D:12:     layout_basic
D:13:     layout_stronghold, grunt_livestock, grunt_ministairs_13
D:14:     layout_loops_ring, grunt_vaults_entry_fortified, serial_park_gazebo
          [serial_park_minivault_5x5_2], serial_shops, shop,
          portal_ice_cave_entry_pillars_1
Lair:1:   layout_regular_city
Lair:2:   layout_gridlike, minmay_swamp_entry_reptiles
Lair:3:   layout_chaotic_city, ebering_ghost_funeral_grove, uniq_gastronok,
          uniq_fannar
Lair:4:   layout_hall_layers, minmay_snake_entry_guardpost_small,
          lemuel_oklob_altar
Lair:5:   layout_small_grid, nicolae_slime_entry_slimehenge, beast_lair_carwin_6
Lair:6:   evil_forest, layout_gridlike, minmay_lair_drake_nest,
          serial_bayou_shore_b, lemuel_fruit_fields, serial_bayou_shore_a,
          infiniplex_staircase_pool, grunt_megastairs_2
Swamp:1:  layout_basic_swamp, nicolae_swamp_round_clearing

Skill      XL: |  1  2  3  4  5  6  7  8  9 10 11 12 13 14 15 |
---------------+----------------------------------------------+-----
Dodging        | 3 4 5 6 7 8 9 10 | 10.0
Unarmed Combat | 4 5 6 7 10 11 13 15 16 18 19 20 | 20.1
Fighting       | 3 4 5 6 |  6.4
Armour         | 2 4 5 6 7 |  7.6
Throwing       | 1 |  1.8
Shields        | 1 |  1.5
Stealth        | |  1.0
Invocations    | |  0.3

Action                   |  1- 3 |  4- 6 |  7- 9 | 10-12 | 13-15 || total
-------------------------+-------+-------+-------+-------+-------++-------
Melee: Unarmed           |    97 |    86 |   370 |   841 |   773 ||  2167
       Punch             |     3 |       |    13 |    63 |    92 ||   171
Throw: Large rock        |       |       |       |     1 |    36 ||    37
Invok: Minor Destruction |       |       |     1 |     1 |       ||     2
Evoke: Wand              |       |       |       |     5 |    12 ||    17
  Use: Scroll            |       |     8 |     1 |     4 |    10 ||    23
       Potion            |       |       |       |     2 |     2 ||     4
 Stab: Sleeping          |     4 |       |     3 |     2 |     3 ||    12
       Confused          |       |       |       |     2 |       ||     2
  Eat: Chunk             |     4 |     8 |    34 |    60 |    73 ||   179
       Ration            |     2 |       |       |     1 |       ||     3
Armor: Robe              |    28 |    12 |   128 |    11 |       ||   179
       Steam dragon scal |       |       |       |   226 |   242 ||   468
Dodge: Dodged            |    78 |    41 |   197 |   349 |   506 ||  1171
Block: Other             |       |       |       |    41 |   127 ||   168
       Reflection        |       |       |       |       |     4 ||     4
